 Dungeon Crawl Stone Soup version 0.24.0-13-gcf9b319 (webtiles) character file.

Game seed: 3478444981268643924, levelgen mode: deterministic

2415 Bronimir the Conjurer (level 9, -2/59 HPs)
             Began as an Octopode Conjurer on Apr 22, 2020.
             Killed from afar by a steam dragon (19 damage)
             ... with a ball of steam
             ... on level 8 of the Dungeon.
             The game lasted 00:22:45 (11050 turns).

Bronimir the Conjurer (Octopode Conjurer)          Turns: 11050, Time: 00:22:45

Health: -2/59      AC:  2    Str:  7    XL:     9   Next: 47%
Magic:  0/17       EV: 17    Int: 23    God:
Gold:   395        SH:  0    Dex: 12    Spells: 8/18 levels left

rFire    . . .     SeeInvis +   a - +5 quarterstaff (chaos)
rCold    . . .     Gourm    .   (shield currently unavailable)
rNeg     + + .     Faith    .   m - +1 hat
rPois    .         Spirit   .   (no amulet)
rElec    .         Reflect  .   r - ring of positive energy
rCorr    .         Harm     .   l - +2 ring of evasion
MR       .....                  w - ring of see invisible
Stlth    +++++.....             y - ring of positive energy
HPRegen  0.19/turn              A - ring of stealth
MPRegen  0.15/turn              F - ring of flight
                                (no ring)
                                (no ring)

@: very slightly contaminated
A: almost no armour, stealthy swim, amphibious, 8 rings, constrict 8, fangs 1,
camouflage 1, blurry vision 1, clever 1, gelatinous body 1
a: Evoke Flight


You were on level 8 of the Dungeon.
You were hungry.

You visited 1 branch of the dungeon, and saw 8 of its levels.

You collected 395 gold pieces.

Inventory:

Hand Weapons
 a - a +5 quarterstaff of chaos (weapon)
 b - a +0 shortbow
 i - a +0 hand crossbow
 j - a +0 hunting sling
Missiles
 e - 164 stones (quivered)
 h - 120 arrows
 q - 17 bolts
 v - 37 sling bullets
Armour
 m - a +1 hat (worn)
 o - a +0 hat
Jewellery
 l - a +2 ring of evasion (right tentacle)
 r - a ring of positive energy (left tentacle)
 w - a ring of see invisible (on tentacle)
 y - a ring of positive energy (on tentacle)
 A - a ring of stealth (on tentacle)
 F - a ring of flight (on tentacle)
Wands
 n - a wand of acid (21)
 C - a wand of enslavement (8)
Scrolls
 d - 4 scrolls of teleportation
 g - 3 scrolls of remove curse
 k - 5 scrolls of identify
 p - 2 scrolls of amnesia
 E - a scroll of enchant weapon
Potions
 c - 2 potions of curing
 s - a potion of berserk rage
 B - a potion of agility {unknown}
 H - a potion of might {unknown}
Comestibles
 f - 19 rations
 t - a chunk of flesh


   Skills:
 * Level 4.6 Fighting
   Level 2.2(3.4) Maces & Flails
 * Level 4.1(4.4) Staves
 * Level 5.4 Dodging
 + Level 4.8 Stealth
 + Level 1.1 Unarmed Combat
 * Level 5.4 Spellcasting
 * Level 6.9 Conjurations
 + Level 1.9 Hexes


You had 8 spell levels left.
You knew the following spells:

 Your Spells              Type           Power        Failure   Level  Hunger
a - Magic Dart            Conj           ####         1%          1    None
b - Searing Ray           Conj           #####.       1%          2    None
c - Dazzling Spray        Conj/Hex       ####..       4%          3    ##.....
d - Iskenderun's Mystic   Conj           #####...     4%          4    ####...

Your spell library contained the following spells:

 Spells                   Type           Power        Failure   Level  Hunger
 Slow                     Hex            ###.....     6%          2    None
 Conjure Flame            Conj/Fire      ###.....     6%          3    ##.....
 Mephitic Cloud           Conj/Pois/Air  ###.....     11%         3    ##.....
 Blink                    Tloc           N/A          14%         2    None
 Call Imp                 Summ           #.......     14%         2    None
 Fulminant Prism          Conj/Hex       ####......   14%         4    ####...
 Force Lance              Conj/Tloc      ###.....     22%         4    ####...


Dungeon Overview and Level Annotations

Branches:
Dungeon (8/15)             Temple (0/1) D:7
   Lair: D:8-11

Altars:
Ashenzari
Cheibriados
Elyvilon
Fedhas
Makhleb
Nemelex Xobeh
Ru
Uskayaw
Yredelemnul
The Shining One


Innate Abilities, Weirdness & Mutations

You cannot wear most types of armour.
You are very stealthy in the water. (Stealth+)
You are amphibious.
You can wear up to eight rings at the same time.
You can use your tentacles to constrict eight enemies at once.
Your skin changes colour to match your surroundings (Stealth+).
Your rubbery body absorbs attacks. (AC +1, EV +1)
You have very sharp teeth.
Scrolls take you a little longer to read.
Your mind is acute. (Int +2)


Message History

Confirm with . or Enter, or press ? or * to list all spells.
You don't have enough magic to cast that spell.
Casting: Searing Ray (safe; 1% risk of failure)
Confirm with . or Enter, or press ? or * to list all spells.
You don't have enough magic to cast that spell.
Casting: Searing Ray (safe; 1% risk of failure)
Confirm with . or Enter, or press ? or * to list all spells.
Aiming: Magic Dart (safe; 1% risk of failure)
Press: ? - help, Shift-Dir - straight line, f - orc warrior
Aim: an orc warrior, wielding a -2 battleaxe and wearing a +0 chain mail (almost dead, blind, hasn't noticed you)
You miscast Magic Dart.
You are very lightly contaminated with residual magic.
Strange energies run through your body.
The orc warrior is no longer blind.
Casting: Magic Dart (safe; 1% risk of failure)
Confirm with . or Enter, or press ? or * to list all spells.
You don't have enough magic to cast that spell.
Unknown command.
The steam dragon breathes steam at you. The ball of steam hits you!!
You die...

#..## #.# ....
#..#.##.# .....
#.....#.##o.....
.........'Wo..?.
#....#o##.o....
#.#..#D# .....
#.##.#§# .... #....§.#
... ####@### #+#
#####.## ##.#######
#......# ##......†..
#.###..# #...####)..
#.# #..####.#...#)...8
#.# #......###.....8..
#.####)####.#...##....
#......# ##........##
######## ###.###.##


There were no monsters in sight!

Vanquished Creatures
  Grinder (D:6)
  Sigmund (D:3)
  Eustachio (D:4)
  An orc warrior (D:7)
  A phantom (D:5)
  3 ogres
  A black bear (D:7)
  3 centaurs
  A big kobold (D:7)
  2 bullfrogs (D:6)
  2 wyvern skeletons
  An electric eel (D:6)
  3 crimson imps
  Crazy Yiuf (D:5)
  9 orc wizards
  A bullfrog skeleton (D:6)
  An iguana (D:6)
  Ijyb (D:2)
  3 worker ants
  2 hound skeletons
  A worker ant zombie (D:5)
  Robin (D:3)
  8 adders
  3 gnolls (D:8)
  A white imp (D:5)
  4 dart slugs
  5 leopard geckos
  18 orcs
  9 giant cockroaches
  19 goblins
  12 hobgoblins
  13 jackals
  14 kobolds
  4 quokkas
  5 bats
  6 frilled lizards
  A hobgoblin zombie (D:5)
  2 jackal skeletons
  A jackal zombie (D:7)
  A kobold skeleton (D:5)
  A kobold zombie (D:5)
  A leopard gecko skeleton (D:4)
  2 orc skeletons (D:5)
  2 orc zombies (D:5)
  9 rats
182 creatures vanquished.

Notes
Turn   | Place    | Note
-------+----------+-------------------------------------------
     0 | D:1      | Bronimir the Octopode Conjurer began the quest for the Orb.
     0 | D:1      | Reached XP level 1. HP: 11/11 MP: 3/3
   491 | D:1      | Reached XP level 2. HP: 15/17 MP: 1/5
   710 | D:1      | Learned a level 2 spell: Searing Ray
   917 | D:1      | Reached XP level 3. HP: 18/21 MP: 0/6
  1523 | D:2      | Learned a level 3 spell: Dazzling Spray
  1573 | D:2      | Found a blossoming altar of Fedhas.
  1642 | D:2      | Found a white marble altar of Elyvilon.
  1726 | D:2      | Reached XP level 4. HP: 27/27 MP: 2/7
  2019 | D:2      | Found a basalt altar of Yredelemnul.
  2055 | D:3      | Noticed Robin
  2059 | D:3      | Noticed Ijyb
  2067 | D:2      | Reached skill level 5 in Conjurations
  2630 | D:2      | Killed Ijyb
  2680 | D:3      | Killed Robin
  2680 | D:3      | Reached XP level 5. HP: 17/32 MP: 4/9
  2993 | D:3      | Found a sacrificial altar of Ru.
  2996 | D:3      | Found a sparkling altar of Nemelex Xobeh.
  3006 | D:3      | Reached skill level 1 in Fighting
  3308 | D:3      | Noticed Sigmund
  3320 | D:3      | Killed Sigmund
  3320 | D:3      | Reached skill level 1 in Unarmed Combat
  3320 | D:3      | Reached XP level 6. HP: 38/38 MP: 1/11
  3428 | D:3      | Learned a level 4 spell: Iskenderun's Mystic Blast
  4332 | D:4      | Found a burning altar of Makhleb.
  4438 | D:4      | Noticed Eustachio
  4450 | D:4      | Killed Eustachio
  4450 | D:4      | Reached XP level 7. HP: 29/45 MP: 4/12
  4689 | D:4      | Found a hide-covered altar of Uskayaw.
  5221 | D:5      | Entered Level 5 of the Dungeon
  5509 | D:5      | Reached skill level 1 in Maces & Flails
  6217 | D:5      | Found a glowing golden altar of the Shining One.
  6547 | D:5      | Found a shattered altar of Ashenzari.
  7113 | D:5      | Found a runed translucent door.
  7114 | D:5      | Noticed Crazy Yiuf
  7187 | D:5      | Killed Crazy Yiuf
  7337 | D:5      | Reached skill level 6 in Conjurations
  7337 | D:5      | Reached XP level 8. HP: 15/51 MP: 4/14
  7615 | D:6      | Reached skill level 1 in Staves
  7759 | D:6      | Reached skill level 1 in Hexes
  8011 | D:6      | Noticed Grinder
  8029 | D:6      | Killed Grinder
  8302 | D:6      | Found a snail-covered altar of Cheibriados.
  8443 | D:6      | Gained mutation: Scrolls take you a little longer to read.
                  | [potion of mutation]
  8443 | D:6      | Gained mutation: You have very sharp teeth. [potion of
                  | mutation]
  8443 | D:6      | Gained mutation: Your mind is acute. (Int +2) [potion of
                  | mutation]
  8698 | D:6      | Reached skill level 5 in Spellcasting
  8878 | D:6      | Reached XP level 9. HP: 49/57 MP: 0/16
  9013 | D:6      | Reached skill level 5 in Dodging
 10626 | D:7      | Found a staircase to the Ecumenical Temple.
 11050 | D:8      | Killed from afar by a steam dragon

Levels and vault maps discovered:
D:1:      dpeg_arrival_lava_temple_mockup, layout_loops_corners
D:2:      layout_basic, kennysheep_ying_yang, fedhas_altar_4, first_ration
D:3:      cheibrodos_greedy_goblins, layout_rooms,
          nicolae_overflow_hidden_temple, nemelex_xobeh_ov_fountains_minmay,
          uniq_sigmund, uniq_robin, uniq_ijyb
D:4:      layout_loops_corners, eat_drink_and_be_merry_uskayaw,
          lemuel_crystal_altar, serial_rivers, chequers_serial_rivers_marsh,
          chequers_serial_rivers_room_b, chequers_serial_rivers_marsh,
          chequers_serial_rivers_micro_d, uniq_eustachio
D:5:      layout_layer_cave, nicolae_tso_besieged_by_evil,
          kennysheep_little_box, minmay_misc_feat_four_crosses, st_stairs_4,
          uniq_crazy_yiuf_cottage
D:6:      layout_layer_cave, kennysheep_slug_shrine, minmay_crystal_water,
          grunt_decor_cap, kennysheep_cross_room,
          hangedman_abyss_or_decor_slice, st_stairs_4,
          chequers_serial_rivers_small_3, uniq_grinder
D:7:      layout_loops_corners, minmay_temple_entry_from_below_a,
          grunt_ogre_cave, grunt_decor_resistance, trog_three_pillars_becter
D:8:      layout_loops_corners, marbit_many_paths, zin_statuary,
          kennysheep_generic_room_15

Skill      XL: |  1  2  3  4  5  6  7  8  9 |
---------------+----------------------------+-----
Conjurations   | 5 6 |  6.9
Stealth        | 3 4 |  4.8
Fighting       | 1 2 3 4 |  4.6
Dodging        | 3 4 5 |  5.4
Unarmed Combat | 1 |  1.1
Spellcasting   | 3 4 5 |  5.4
Maces & Flails | 1 2 |  2.2
Staves         | 3 4 |  4.1
Hexes          | 1 |  1.9

Action                   |  1- 3 |  4- 6 |  7- 9 || total
-------------------------+-------+-------+-------++-------
Melee: Unarmed           |    40 |     6 |       ||    46
       Constrict         |     8 |    12 |    27 ||    47
       Tentacles         |     4 |     5 |    13 ||    22
       Punch             |     1 |       |     3 ||     4
       Dagger            |       |     5 |       ||     5
       Club              |       |    22 |    43 ||    65
       Quarterstaff      |       |       |    67 ||    67
       Bite              |       |       |     2 ||     2
 Fire: Shortbow          |       |       |     2 ||     2
 Cast: Magic Dart        |    58 |    50 |    82 ||   190
       Searing Ray       |       |     5 |     7 ||    12
       Dazzling Spray    |       |    17 |    56 ||    73
       Iskenderun's Myst |       |       |     1 ||     1
  Use: Potion            |       |     2 |     3 ||     5
       Scroll            |       |       |    12 ||    12
 Stab: Sleeping          |     2 |     1 |     1 ||     4
       Invisible         |       |       |     9 ||     9
  Eat: Chunk             |     3 |    10 |    16 ||    29
       Ration            |       |       |     2 ||     2
Armor: Skin              |     5 |     4 |     7 ||    16
Dodge: Dodged            |    36 |    65 |   151 ||   252
